 Dungeon Sprint DCSS version 0.20-a0-553-g9f38e11 (webtiles) character file.

2974 Messajah the Protected (level 9, -4/90 HPs)
             Began as a Minotaur Berserker on Feb 3, 2017.
             Was a High Priest of Trog.
             Slain by a centaur warrior (11 damage)
             ... in the Dungeon (Sprint I: "Red Sonja").
             The game lasted 00:05:01 (775 turns).

Messajah the Protected (Minotaur Berserker)          Turns: 775, Time: 00:05:02

Health: -4/90      AC:  9    Str: 21    XL:     9   Next: 53%
Magic:  8/8        EV: 16    Int:  4    God:    Trog [*****.]
Gold:   364        SH:  0    Dex: 14    Spells: 8/8 levels left

rFire    . . .     SeeInvis .   a - +0 falchion
rCold    . . .     Gourm    .   c - +0 scale mail (curse)
rNeg     . . .     Faith    .   (no shield)
rPois    .         Spirit   .   (helmet restricted)
rElec    .         Reflect  .   (no cloak)
rCorr    .         Harm     .   (no gloves)
MR       .....     NoTele   +   (no boots)
Stlth    ..........             (no amulet)
Regen    0.3/turn               (no ring)
                                (no ring)

@: exhausted, slowed, very slow
A: retaliatory headbutt, horns 2
a: Berserk, Trog's Hand, Brothers in Arms, Burn Spellbooks, Renounce Religion


You were in the Dungeon.
You worshipped Trog.
Trog was extremely pleased with you.
You were hungry.

You visited 1 branch You collected 364 gold pieces.

Inventory:

Hand Weapons
 a - a +0 falchion (weapon)
Armour
 b - a +0 animal skin
 c - a cursed +0 scale mail (worn)
 k - a +0 chain mail
Scrolls
 i - a scroll of blinking
 j - 2 scrolls of identify {unknown}
Potions
 d - a potion of curing
 e - a potion of heal wounds
 f - a potion of haste
 g - 2 potions of magic
 h - a potion of berserk rage


   Skills:
 + Level 12.1 Fighting
 - Level 14.1 Long Blades
 + Level 14.5 Armour
 + Level 10.9 Dodging


You had 8 spell levels left.
You didn't know any spells.

Dungeon Overview and Level Annotations

Branches:
Dungeon (1/1)

Altars:
Makhleb
Sif Muna
Vehumet
Xom
Jiyva
Lugonu


Innate Abilities, Weirdness & Mutations

You reflexively headbutt those who attack you in melee.
You have a pair of horns on your head.


Message History

The centaur warrior closely misses you. The centaur warrior hits you.
* * * LOW HITPOINT WARNING * * *
The centaur warrior hits you!
* * * LOW HITPOINT WARNING * * *
You slash the centaur warrior!
The centaur warrior is severely wounded.
The centaur warrior hits you.
* * * LOW HITPOINT WARNING * * *
The centaur warrior barely misses you. You furiously retaliate!
You headbutt the centaur warrior, but do no damage.
You riposte.
You slash the centaur warrior! You headbutt the centaur warrior!
The centaur warrior is almost dead.
You hit the centaur warrior.
You kill the centaur warrior!
Trog accepts your kill.
Trog will gift you weapons as your piety grows.
Your Fighting skill increases to level 12!
Your Armour skill increases to level 14!
The centaur warrior hits you!
You die...

###############################
#..').#..'..#__#..)...#..#§§§k+
').#..').#..'..'..#).†##'#.#
#####'#####'#__####...'..#§# #
#..# #§####§§#####..§§# # ####
##.#≈§§§§# #§#### # #..'§§§c§+
.9. # +...§#§§§@§# #.§.^ #
#_.#+##+#### ###§.. ##+ .§.#
§.## .§#


You could see a centaur warrior.

Vanquished Creatures
  A centaur warrior (D)
  A gargoyle (D)
  2 kobold demonologists (D)
  4 demonic crawlers (D)
  A slime creature (D)
  Sigmund (D)
  A floating eye (D)
  An ogre (D)
  A jelly (D)
  Ijyb (D)
14 creatures vanquished.

Vanquished Creatures (others)
  A gargoyle (D)
1 creature vanquished.

Grand Total: 15 creatures vanquished

Notes
Turn   | Place    | Note
-------+----------+-------------------------------------------
     0 | D        | Messajah the Minotaur Berserker began the quest for the Orb.
     0 | D        | Reached XP level 1. HP: 19/19 MP: 0/0
     1 | D        | Noticed Ijyb
     6 | D        | Killed Ijyb
     6 | D        | Reached XP level 2. HP: 24/26 MP: 1/1
   120 | D        | Noticed an ogre
   125 | D        | Killed an ogre
   125 | D        | Reached XP level 3. HP: 18/31 MP: 2/2
   125 | D        | Reached XP level 4. HP: 23/39 MP: 3/3
   296 | D        | Noticed Sigmund
   300 | D        | Killed Sigmund
   300 | D        | Reached ** piety under Trog
   300 | D        | Reached XP level 5. HP: 45/45 MP: 4/4
   330 | D        | Killed a gargoyle
   356 | D        | Found a burning altar of Makhleb.
   356 | D        | Found a viscous altar of Jiyva.
   356 | D        | Found a shimmering altar of Xom.
   356 | D        | Found a corrupted altar of Lugonu.
   356 | D        | Noticed a slime creature
   362 | D        | Killed a slime creature
   362 | D        | Reached XP level 6. HP: 26/51 MP: 5/5
   539 | D        | Found a deep blue altar of Sif Muna.
   541 | D        | Found a radiant altar of Vehumet.
   578 | D        | Noticed a kobold demonologist
   578 | D        | Noticed a floating eye
   579 | D        | Noticed a kobold demonologist
   580 | D        | Paralysed by a floating eye for 3 turns
   587 | D        | Killed a kobold demonologist
   587 | D        | Reached *** piety under Trog
   587 | D        | Reached skill level 5 in Dodging
   587 | D        | Reached XP level 7. HP: 64/64 MP: 6/6
   593 | D        | Killed a kobold demonologist
   593 | D        | Reached **** piety under Trog
   593 | D        | Reached XP level 8. HP: 74/74 MP: 7/7
   627 | D        | Noticed a demonic crawler
   627 | D        | Noticed a demonic crawler
   627 | D        | Noticed a demonic crawler
   627 | D        | Noticed a demonic crawler
   631 | D        | Killed a demonic crawler
   637 | D        | Killed a demonic crawler
   644 | D        | Killed a demonic crawler
   644 | D        | Reached skill level 10 in Fighting
   651 | D        | Killed a demonic crawler
   651 | D        | Reached XP level 9. HP: 86/86 MP: 8/8
   731 | D        | Noticed a lindwurm
   738 | D        | Noticed a gargoyle
   753 | D        | Killed a gargoyle
   753 | D        | Reached skill level 10 in Dodging
   766 | D        | Noticed a centaur warrior
   766 | D        | Noticed a centaur warrior
   775 | D        | Killed a centaur warrior
   775 | D        | Reached ***** piety under Trog
   775 | D        | Slain by a centaur warrior

Vault maps used:
D:        dungeon_sprint_1

Skill      XL: |  1  2  3  4  5  6  7  8  9 |
---------------+----------------------------+-----
Long Blades    | 7 11 12 14 | 14.1
Armour         | 7 9 11 13 14 | 14.5
Fighting       | 6 8 10 12 | 12.1
Dodging        | 5 6 9 10 | 10.9

Action                   |  1- 3 |  4- 6 |  7- 9 || total
-------------------------+-------+-------+-------++-------
Melee: Falchion          |     6 |    14 |    37 ||    57
       Headbutt          |     2 |     3 |    14 ||    19
Invok: Berserk           |     2 |     3 |     2 ||     7
  Eat: Chunk             |       |     1 |       ||     1
       Bread ration      |       |       |     1 ||     1
Armor: Chain mail        |     1 |     3 |    21 ||    25
       Scale mail        |       |       |     2 ||     2
Dodge: Dodged            |     1 |     3 |    25 ||    29
       Rpst.: Falchion   |       |       |     1 ||     1
